 Dungeon Crawl Stone Soup version 0.29.1-15-g9cfb28693d (webtiles) character file.

Game seed: 13748166784415590524

39 Hugehornet the Covered (level 3, -6/23 HPs)
             Began as a Gargoyle Fighter on Mar 20, 2023.
             Mangled by Natasha (13 damage)
             ... on level 2 of the Dungeon.
             The game lasted 00:02:15 (1290 turns).

Hugehornet the Covered (Gargoyle Fighter)           Turns: 1290, Time: 00:02:16

Health: -6/23      AC: 11    Str: 19    XL:     3   Next: 45%
Magic:  3/3        EV:  9    Int: 10    God:
Gold:   31         SH:  4    Dex:  9    Spells: 2/2 levels left

rFire   . . .      SeeInvis .   a - +0 flail
rCold   . . .      Faith    .   c - +0 buckler
rNeg    + . .      Spirit   .   b - +0 scale mail
rPois   ∞          Reflect  .   (no helmet)
rElec   +          Harm     .   (no cloak)
rCorr   .          Rampage  .   (no gloves)
Will    .....                   k - +0 pair of boots
Stlth   ..........              (no amulet)
HPRegen 0.07/turn               m - ring of flight
MPRegen 0.08/turn               (no ring)

@: flying
A: sickness immunity, AC +3, negative energy resistance 1, electricity
resistance, torment resistance 1, petrification resistance
a: no special abilities


You were on level 2 of the Dungeon.
You visited 1 branch of the dungeon, and saw 2 of its levels.

You collected 31 gold pieces.

Inventory:

Hand Weapons
 a - a +0 flail (weapon)
Armour
 b - a +0 scale mail (worn)
 c - a +0 buckler (worn)
 k - a +0 pair of boots (worn)
Jewellery
 m - a ring of flight (left hand)
Scrolls
 e - 2 scrolls of identify {unknown}
 h - a scroll of noise {unknown}
 i - 2 scrolls of fear {unknown}
Potions
 d - a potion of might
 f - a potion of heal wounds {unknown}
 g - a potion of brilliance {unknown}
 j - 2 potions of lignification {unknown}
 l - 2 potions of attraction {unknown}


   Skills:
 - Level 3.2 Fighting
 * Level 2.7 Maces & Flails
 * Level 3.8 Armour
 * Level 3.8 Shields


You had 2 spell levels left.
You didn't know any spells.
Your spell library contained the following spells:

 Spells                   Type           Power      Damage    Failure   Level
 Ignite Poison            Fire/Tmut/Pois 0%         N/A       99%         3
 Mephitic Cloud           Conj/Pois/Air  0%         N/A       99%         3
 Freezing Cloud           Conj/Ice/Air   0%         6-21      100%        5


Dungeon Overview and Level Annotations

Branches:
Dungeon (2/15)

Altars:

Shops:
D:1 (

Annotations:
D:2 Natasha


Innate Abilities, Weirdness & Mutations

You are immune to sickness and miasma.
Your stone body is resilient. (AC +3)
You are immune to poison.
You resist negative energy. (rN+)
You are resistant to electric shocks. (rElec)
You are resistant to unholy torment.
You are immune to petrification.


Message History

There is a stone staircase leading down here.
You fly downwards.
Found a quarterstaff.
There is a stone staircase leading up here.
Natasha, Servant of Life and Death comes into view.
Natasha hisses angrily.
Natasha moves out of view.
You now have 31 gold pieces (gained 10).
Natasha is nearby!
Natasha barely misses you.
You hit Natasha.
Natasha is moderately wounded.
Natasha mumbles some strange words.
You hit Natasha.
Natasha is heavily wounded.
Natasha barely misses you. You block Natasha's attack.
You miss Natasha.
Natasha is heavily wounded.
Natasha claws you.
You hit Natasha.
Natasha is heavily wounded.
Natasha casts a spell at you. The magic dart hits you!
You are too injured to fight recklessly!
You are too injured to fight recklessly!
You are too injured to fight recklessly!
You completely miss Natasha.
Natasha is heavily wounded.
Natasha closely misses you.
Natasha drinks a potion.
Natasha seems to grow stronger.
You hit Natasha.
Natasha is severely wounded.
Natasha mumbles some strange words.
You feel disoriented. Natasha claws you.
You closely miss Natasha.
Natasha is severely wounded.
Natasha claws you!
Ouch! That really hurt!
You die...

..#...#
#......##
...)....#####.#
#.....<....#
.....##.#######
..# #.# # #.#
#..##.##.#
.....5h@.#
#####.#### #


You could see Natasha (strong) and a crimson imp (summoned).

Vanquished Creatures
  2 dart slugs (D:1)
  4 endoplasms (D:1)
  A giant cockroach (D:1)
  6 goblins (D:1)
  2 hobgoblins (D:1)
  2 jackals (D:1)
  2 kobolds (D:1)
  2 ball pythons (D:1)
  3 bats (D:1)
  4 frilled lizards (D:1)
  3 rats (D:1)
  A spectral goblin (D:1)
32 creatures vanquished.

Notes
Turn   | Place    | Note
-------+----------+-------------------------------------------
     0 | D:1      | Hugehornet the Gargoyle Fighter began the quest for the
                  | Orb.
     0 | D:1      | Reached XP level 1. HP: 14/14 MP: 1/1
   143 | D:1      | Reached XP level 2. HP: 10/19 MP: 2/2
   302 | D:1      | Found Xirub's Antique Weapon Shoppe.
   517 | D:1      | Found a faded altar of an unknown god.
   577 | D:1      | Reached XP level 3. HP: 8/23 MP: 3/3
  1281 | D:2      | Noticed Natasha
  1290 | D:2      | Mangled by Natasha

Illustrated notes

Levels and vault maps discovered:
D:1:      dpeg_arrival_water_fire, layout_basic,
          dreamdust_ecumenical_altar_drowned_temple, serial_shops, shop_statue,
          nrook_mini_backslash
D:2:      layout_loops_corners, chequers_arboretum, minmay_3d_cube, uniq_robin,
          uniq_sigmund, uniq_natasha

Action                   || total
-------------------------++-------
Melee: Flail             ||   101
Armor: Scale mail        ||    60
Dodge: Dodged            ||    62
Block: Buckler           ||    29
